Map: Blueshift LE

Players

Mesrob

  • Race: Terran Terran
  • League: Gold
  • Spawn Location: 7:00

Matt - Winner!

  • Race: Terran Terran
  • League: Gold
  • Spawn Location: 1:00

VOD

Have the link to the VOD?

Description

Time

  • Played on: Jan. 14, 2019, 11:12 a.m.
  • Length: 16:54
Show
View Real Time Build Order
Export as new Build Order

Mesrob Terran 

Build Orders: Mech 

Get SALT Encoding   

  12  0:01  SCV  
  13  0:13  SCV  
  14  0:22  Supply Depot  
  14  0:25  SCV  
  15  0:43  SCV  
  15  0:44  Barracks  
  16  0:53  Refinery  
  16  0:55  SCV  
  17  1:07  SCV  
  18  1:20  SCV  
  19  1:34  Orbital Command  
  19  1:41  Marine  
  19  1:43  Command Center  
  20  2:03  Bunker  
  20  2:05  SCV  
  21  2:17  SCV  
  22  2:26  Factory  
  22  2:28  Barracks Tech Lab  
  22  2:29  SCV  
  23  2:32  Refinery  
  23  2:41  Supply Depot  
  23  2:49  Engineering Bay  
  23  2:54  SCV  
  24  3:01  Orbital Command  
  24  3:06  Supply Depot, SCV  
  25  3:19  SCV  
  26  3:23  Armory  
  26  3:25  Siege Tank  
  29  3:35  SCV x2  
  31  3:47  SCV  
  32  3:49  Missile Turret  
  32  4:01  SCV  
  32  4:02  SCV  
  34  4:09  Supply Depot  
  34  4:11  Missile Turret  
  34  4:15  Siege Tank  
  37  4:31  Command Center  
  37  4:32  Missile Turret  
  37  4:35  Supply Depot, Terran Vehicle Weapons Level 1  
  37  4:47  Siege Tank  
  40  4:53  SCV x2  
  40  4:57  Missile Turret  
  40  4:59  Supply Depot  
  42  5:05  SCV  
  42  5:06  SCV  
  44  5:13  Refinery  
  44  5:18  Missile Turret  
  44  5:19  Siege Tank  
  47  5:22  Factory  
  47  5:24  Missile Turret  
  47  5:42  Factory  
  47  5:43  Orbital Command  
  47  5:53  SCV  
  47  5:54  SCV  
  49  5:58  Missile Turret  
  49  6:05  SCV  
  49  6:06  SCV  
  51  6:17  SCV  
  51  6:18  SCV  
  53  6:20  Orbital Command, Missile Turret  
  53  6:21  Missile Turret  
  53  6:22  Missile Turret  
  53  6:23  Marine  
  54  6:26  Factory Reactor  
  54  6:29  SCV  
  55  6:41  Missile Turret x2  
  55  6:42  Missile Turret  
  55  6:51  Missile Turret  
  55  6:55  Missile Turret  
  50  7:25  Engineering Bay  
  50  7:30  SCV x2  
  50  7:33  SCV  
  50  7:35  Factory Reactor, Thor  
  59  7:42  SCV x2  
  53  8:21  Orbital Command  
  53  8:31  Factory Tech Lab  
  53  8:32  Hellbat x2  
  57  8:40  Missile Turret  
  57  8:45  Missile Turret  
  57  8:52  Missile Turret  
  57  8:54  Missile Turret  
  57  8:58  Factory Tech Lab, Missile Turret, Thor  
  57  8:59  Hellbat x2  
  67  9:14  Missile Turret, SCV x3  
  70  9:17  Missile Turret  
  70  9:20  Refinery, Missile Turret  
  70  9:25  Refinery  
  70  9:26  SCV x2  
  72  9:38  SCV, Thor  
  73  9:40  Hellbat x2  
  83  9:50  SCV  
  83  9:51  Factory  
  83  9:52  Factory, SCV  
  85  9:53  SCV  
  86  10:02  SCV  
  86  10:04  SCV  
  88  10:13  Missile Turret  
  88  10:15  Missile Turret  
  88  10:22  Supply Depot  
  88  10:29  SCV  
  88  10:31  Thor x2  
  88  10:32  Missile Turret  
  101  10:36  Missile Turret  
  101  10:44  SCV x3  
  101  10:45  Sensor Tower  
  101  10:46  Supply Depot  
  101  10:49  Hellbat x2  
  108  10:55  Missile Turret  
  108  10:56  SCV  
  109  11:00  Terran Vehicle And Ship Armor Level 1  
  109  11:07  Command Center, Armory  
  109  11:08  Factory Tech Lab, SCV  
  109  11:09  Factory Reactor  
  110  11:12  Supply Depot  
  110  11:13  Thor  
  110  11:15  Missile Turret  
  116  11:21  SCV  
  117  11:33  SCV x2  
  117  11:34  Hellbat x2  
  117  11:35  Supply Depot  
  117  11:39  Supply Depot  
  123  11:57  Thor  
  123  11:58  Hellbat x2  
  123  12:00  Thor  
  123  12:01  Hellbat  
  141  12:02  Supply Depot  
  141  12:04  Terran Vehicle Weapons Level 2  
  141  12:08  Refinery  
  141  12:10  Supply Depot  
  141  12:16  Factory  
  141  12:18  Thor  
  141  12:19  Hellbat  
  149  12:25  Supply Depot  
  149  12:29  Hellbat x3  
  155  12:33  Supply Depot  
  155  12:40  Hellbat  
  155  12:43  Thor  
  163  12:47  Planetary Fortress  
  163  12:48  Supply Depot  
  163  12:55  Supply Depot  
  163  13:01  Factory  
  163  13:02  Factory  
  163  13:07  Refinery, Sensor Tower  
  163  13:08  Factory Tech Lab  
  163  13:10  Thor x2  
  163  13:11  Supply Depot  
  179  13:13  Hellbat x4  
  183  13:29  Command Center  
  183  13:30  SCV x2  
  183  13:31  SCV  
  183  13:32  SCV  
  187  13:34  Supply Depot  
  187  13:42  Refinery, SCV  
  187  13:47  Thor x2  
  200  13:50  Factory Tech Lab  
  200  13:57  Supply Depot  
  200  14:16  Factory Tech Lab  
  200  14:33  Missile Turret  
  200  14:54  Missile Turret  
  200  15:14  Missile Turret  
  183  15:35  Missile Turret  
  132  15:40  Thor x4  
  132  15:41  Thor x2  
  132  15:42  Hellbat x3  
  130  15:46  Hellbat  
  132  15:54  Missile Turret  
  120  15:58  Sensor Tower  
  120  16:04  Hellbat x2  
  128  16:11  Hellbat x2  
  128  16:15  Missile Turret  
  156  16:36  Missile Turret  
Show
View Real Time Build Order
Export as new Build Order

Matt Terran - Winner!

Build Orders: Banshee Rush 

Get SALT Encoding   

  12  0:01  SCV  
  13  0:13  SCV  
  14  0:25  SCV  
  14  0:27  Supply Depot  
  15  0:42  Refinery  
  15  0:48  SCV  
  16  0:50  Barracks  
  16  0:58  Refinery  
  16  1:00  SCV  
  17  1:13  SCV  
  18  1:25  SCV  
  19  1:37  SCV  
  19  1:39  Supply Depot  
  20  1:40  Marine, Factory  
  21  1:49  SCV  
  22  1:58  Marine  
  22  2:01  SCV  
  24  2:21  Command Center  
  24  2:25  Factory Tech Lab  
  24  2:42  Starport  
  24  2:46  Siege Tank  
  27  3:18  Siege Tank  
  30  3:21  Starport Tech Lab  
  30  3:26  Supply Depot  
  30  3:32  Starport  
  30  3:42  SCV  
  31  3:48  Supply Depot  
  31  3:50  SCV  
  31  3:54  SCV  
  33  3:59  Cloaking Field  
  33  4:02  SCV  
  34  4:07  SCV  
  35  4:11  Starport Tech Lab  
  35  4:14  SCV  
  36  4:19  Banshee, SCV  
  40  4:26  SCV  
  40  4:31  SCV  
  42  4:35  Banshee  
  45  4:39  SCV  
  45  4:43  SCV  
  47  4:48  Supply Depot  
  47  4:52  SCV  
  48  4:55  SCV  
  48  4:58  Refinery  
  49  5:02  Banshee  
  49  5:03  Refinery  
  49  5:04  SCV  
  53  5:07  SCV  
  54  5:16  SCV  
  54  5:18  Banshee  
  54  5:19  SCV  
  59  5:28  SCV  
  60  5:31  SCV  
  61  5:39  Supply Depot  
  61  5:43  SCV  
  61  5:45  Banshee  
  61  5:46  Starport  
  65  5:55  SCV  
  66  6:01  Banshee  
  69  6:07  Orbital Command  
  69  6:23  Starport Tech Lab  
  69  6:27  Banshee  
  69  6:30  Fusion Core  
  72  6:43  Banshee  
  63  7:26  Banshee x2  
  69  7:40  Starport  
  69  7:56  Command Center  
  63  8:30  Starport Tech Lab  
  63  8:31  Battlecruiser x2  
  63  8:32  Battlecruiser  
  75  8:40  Armory  
  75  8:41  Armory  
  75  8:45  SCV  
  76  8:56  Supply Depot  
  76  8:57  SCV  
  77  9:08  Battlecruiser  
  77  9:09  SCV  
  84  9:10  Supply Depot  
  84  9:19  Supply Depot  
  84  9:21  SCV  
  85  9:33  SCV  
  85  9:34  Refinery, Supply Depot  
  85  9:35  Battlecruiser  
  85  9:38  Refinery, SCV  
  93  9:42  Supply Depot  
  93  9:49  Terran Ship Weapons Level 1  
  93  9:50  Terran Vehicle And Ship Armor Level 1, Command Center, SCV  
  94  9:59  Supply Depot  
  94  10:00  Battlecruiser  
  94  10:02  SCV  
  94  10:05  Supply Depot  
  101  10:14  SCV  
  101  10:17  SCV  
  103  10:22  Battlecruiser  
  103  10:23  Supply Depot  
  103  10:26  SCV  
  110  10:29  SCV  
  111  10:38  SCV  
  111  10:40  Battlecruiser  
  111  10:41  SCV  
  119  10:50  SCV  
  119  10:53  SCV  
  119  10:56  Barracks  
  119  10:57  Barracks  
  121  11:02  SCV  
  121  11:04  Refinery  
  122  11:06  SCV  
  122  11:07  SCV  
  124  11:15  Refinery  
  124  11:20  SCV  
  124  11:25  Barracks Reactor  
  125  11:26  Engineering Bay  
  125  11:29  Engineering Bay  
  125  11:31  Battlecruiser x2  
  125  11:32  SCV  
  138  11:38  Battlecruiser  
  144  11:44  SCV  
  145  11:54  Battlecruiser  
  151  11:56  SCV  
  152  12:01  Terran Ship Weapons Level 2  
  152  12:10  Terran Vehicle And Ship Armor Level 2  
  152  12:22  Barracks Reactor  
  152  12:24  Barracks Reactor  
  152  12:27  Command Center  
  152  12:36  Terran Infantry Weapons Level 1  
  152  12:37  Terran Infantry Armor Level 1  
  152  12:46  Marine x2  
  154  12:56  SCV  
  155  13:03  Supply Depot x2  
  155  13:04  Marine x2  
  157  13:08  SCV  
  157  13:12  Marine x4  
  162  13:20  Medivac, SCV  
  162  13:21  Marine  
  162  13:22  Marine, Medivac  
  162  13:24  Medivac  
  162  13:27  Supply Depot x2  
  171  13:29  Marine x2  
  171  13:30  Marine x2, Medivac  
  177  13:39  Marine x2  
  179  13:47  Marine x3  
  179  13:48  Marine  
  183  13:52  Medivac  
  183  13:54  Medivac  
  187  13:57  Marine x2  
  189  14:05  Marine x4  
  193  14:19  Refinery  
  193  14:23  Marine x3  
  193  14:24  Marine x3  
  199  14:33  Terran Infantry Weapons Level 2, Terran Infantry Armor Level 2  
  199  14:41  Marine  
  199  14:45  Refinery  
  200  14:57  Orbital Command  
Tags
 
Composition
Mech
League
GoldGold
Matchup
TvT
Race
Terran
Replay Pack
sc2 replays
Spawn Locations
Cross Positions
Strategy
Banshee Rush
Add a new tag
Caveats
  • Supply blocks, unpowered buildings, or Contaminate may cause inaccurate times.
  • Supply counts are checked every 10 seconds.